 Dungeon Crawl Stone Soup version 0.30-a0-585-g93115170b9 (webtiles) character file.

Game seed: 9553295866234652011

51 bmack86 the Covered (level 3, -2/33 HPs)
             Began as a Minotaur Fighter on Jan 2, 2023.
             Slain by an ogre
             ... wielding a +0 giant club
              (12 damage)
             ... on level 2 of the Dungeon.
             The game lasted 00:03:03 (1238 turns).

bmack86 the Covered (Minotaur Fighter)              Turns: 1238, Time: 00:03:03

Health: -2/33      AC: 15    Str: 22    XL:     3   Next: 58%
Magic:  2/2        EV:  6    Int:  5    God:
Gold:   92         SH:  4    Dex:  9    Spells: 2/2 levels left

rFire   . . .      SeeInvis .    a - +1 war axe
rCold   . . .      Faith    .    c - +0 buckler
rNeg    . . .      Spirit   .    i - +0 plate armour
rPois   .          Reflect  .    (helmet restricted)
rElec   .          Harm     .    (no cloak)
rCorr   .          Rampage  .    (no gloves)
Will    .....                    (no boots) Stlth
                                 (no amulet)
HPRegen 0.25/turn                k - +4 ring of protection
MPRegen 0.08/turn                (no ring)

@: no status effects
A: horns 2, retaliatory headbutt
a: no special abilities


You were on level 2 of the Dungeon.
You visited 1 branch of the dungeon, and saw 2 of its levels.

You collected 92 gold pieces.

Inventory:

Hand Weapons
 a - a +1 war axe (weapon)
Missiles
 f - 5 poisoned darts (quivered)
Armour
 c - a +0 buckler (worn)
 i - a +0 plate armour (worn)
Jewellery
 k - a +4 ring of protection (left hand)
Scrolls
 b - a scroll of enchant weapon
 l - a scroll of amnesia {unknown}
 m - a scroll of teleportation {unknown}
Potions
 d - a potion of might
 e - a potion of heal wounds {unknown}
 g - 2 potions of resistance {unknown}
 h - a potion of lignification {unknown}
 j - a potion of flight {unknown}


   Skills:
 + Level 4.0 Fighting
 * Level 3.5 Axes
 + Level 0.6 Throwing
 + Level 4.1 Armour
 + Level 4.0 Shields


You had 2 spell levels left.
You didn't know any spells.
Your spell library was empty.

Dungeon Overview and Level Annotations

Branches:
Dungeon (2/15)

Altars:

Annotations:
D:2 1 runed translucent door, Crazy Yiuf


Innate Abilities, Weirdness & Mutations

You have a pair of horns on your head.
You reflexively headbutt those who attack you in melee.


Message History

a +0 ring mail; a hobgoblin corpse
There is a stone staircase leading down here.
A rat comes into view.
The rat barely misses you. You furiously retaliate!
You headbutt the rat. You hit the rat.
You kill the rat!
A giant cockroach comes into view.
You hit the giant cockroach but do no damage.
The giant cockroach bites you but does no damage.
You block the giant cockroach's attack.
You hit the giant cockroach.
The giant cockroach is moderately wounded.
The giant cockroach bites you but does no damage.
You barely miss the giant cockroach.
The giant cockroach is moderately wounded.
The giant cockroach closely misses you.
The giant cockroach bites you but does no damage.
You hit the giant cockroach.
You kill the giant cockroach!
m - a scroll labelled LIMIYF BOXUELE An endoplasm comes into view.
The endoplasm quivers.
You hit the endoplasm but do no damage. The endoplasm barely misses you.
You hit the endoplasm.
The endoplasm is lightly wounded.
The endoplasm hits you but does no damage.
You slash the endoplasm!
You kill the endoplasm!
An ogre comes into view. It is wielding a +0 giant club.
The ogre shouts!
You hear an angry hiss.
A ball python comes into view.
The ogre hits you with a +0 giant club!
You hit the ogre.
The ogre is lightly wounded.
The ogre hits you with a +0 giant club!
* * * LOW HITPOINT WARNING * * *
You closely miss the ogre.
The ogre is lightly wounded.
The ogre hits you with a +0 giant club!
You die...

......##...........###...##..#...
.##.#.######...##### ##..##..#...
.##.#.# #...# #......#... .##.#.#
#...# ##.####.... .##.#.# #...#
#.####..## .##.#.#######.#####
#.......## ...........##.##..
#......... ##....####.##.##.###
######)... ..###.####.##..O@..#
#.... #.# #....#.#####S#.#.#
#.... #.###.##.#.#####.....#
##... ................##.##.#
#... ..#.#......####.......# ####
..#.#.#.#### #.##.##.# ..#...#.#
#.# # .. ..##..#.# ... .
..##..#.# #.#


You could see an ogre and a ball python.

Vanquished Creatures
  2 worms (D:2)
  3 ball pythons (D:1)
  3 bats
  7 endoplasms
  2 giant cockroaches
  5 goblins
  6 hobgoblins
  2 jackals (D:1)
  3 kobolds
  2 quokkas (D:1)
  A frilled lizard (D:1)
  2 rats
38 creatures vanquished.

Vanquished Creatures (others)
  3 plants (D:1)
3 creatures vanquished.

Grand Total: 41 creatures vanquished

Notes
Turn   | Place    | Note
-------+----------+-------------------------------------------
     0 | D:1      | bmack86 the Minotaur Fighter began the quest for the Orb.
     0 | D:1      | Reached XP level 1. HP: 19/19 MP: 0/0
    56 | D:1      | Reached XP level 2. HP: 27/27 MP: 1/1
   566 | D:1      | Reached XP level 3. HP: 29/33 MP: 2/2
   922 | D:2      | Found a runed translucent door.
   923 | D:2      | Noticed Crazy Yiuf
  1235 | D:2      | Noticed an ogre
  1238 | D:2      | Slain by an ogre

Illustrated notes

Levels and vault maps discovered:
D:1:      kennysheep_arrival_seaside, layout_loops_cross,
          chequers_serial_rivers_micro_e
D:2:      layout_loops_cross, uniq_crazy_yiuf_cottage

Skill      XL: |  1  2  3 |
---------------+----------+-----
Axes           | 3 |  3.5
Shields        | 4 |  4.0
Armour         | 4 |  4.1
Fighting       | 4 |  4.0
Throwing       | |  0.6

Action                   || total
-------------------------++-------
Melee: War axe           ||    82
       Headbutt          ||    10
Throw: Dart              ||     3
  Use: Scroll            ||     1
Armor: Chain mail        ||    19
       Plate armour      ||    35
Dodge: Dodged            ||    37
Block: Buckler           ||    18

Table legend: (Time is in decaauts)
 A = Elapsed time spent in this place.
 B = Non-inter-level travel time spent in this place.
 C = Inter-level travel time spent in this place.
 D = Time resting spent in this place.
 E = Time spent auto-exploring this place.
 F = Levels seen in this place.
 G = Mean time per level.
                   A        B        C        D        E       F      G
               +--------+--------+--------+--------+--------+-----+--------+
         Total |   1274 |   1222 |     52 |      0 |    804 |   2 |  637.0 |
       Dungeon |   1274 |   1222 |     52 |      0 |    804 |   2 |  637.0 |
               +--------+--------+--------+--------+--------+-----+--------+

Top non-repeatable levels by time:
     D:1: 856 daAuts
     D:2: 418 daAuts
